 Adventure DCSS version bcrawl-1.27.3 (webtiles) character file.

Game seed: 10461745766854415905

117566 galech the Covered (level 4, 0/35 HPs)
             Began as a Demonspawn Fighter on Sept 21, 2020.
             Was an Initiate of Okawaru.
             Slain by an orc wizard
             ... wielding a +0 whip
              (1 damage)
             ... on level 4 of the Dungeon.
             The game lasted 00:04:44 (2472 turns).

galech the Covered (Demonspawn Fighter)             Turns: 2472, Time: 00:04:44

Health: 0/35       AC:  9    Str: 21    XL:     4   Next: 51%
Magic:  4/4        EV:  5    Int: 10    God:    Okawaru [......]
Gold:   85         SH:  9    Dex: 13    Spells: 3/3 levels left
                                        Lives:  0   Deaths: 2

rFire    . . .     SeeInvis +   a - +0 war axe
rCold    . . .     Gourm    .   c - +0 medium shield
rNeg     . . .     Faith    .   b - +0 scale mail
rPois    .         Spirit   .   (no helmet)
rElec    .         Reflect  .   (no cloak)
rCorr    .         Harm     .   g - +0 pair of gloves
MR       .....                  m - +0 pair of boots
Stlth    ..........             n - amulet of the acrobat
HPRegen  0.11/turn              o - ring of see invisible
MPRegen  0.09/turn              (no ring)

@: mighty
A: powered by death 1, powered by pain 1
a: Renounce Religion


You were on level 4 of the Dungeon.
You worshipped Okawaru.
Okawaru was noncommittal.
You were hungry.

You visited 2 branches of the dungeon, and saw 5 of its levels.

You collected 85 gold pieces.

Inventory:

Hand Weapons
 a - a +0 war axe (weapon)
Armour
 b - a +0 scale mail (worn)
 c - a +0 medium shield (worn)
 g - a +0 pair of gloves (worn)
 m - a +0 pair of boots (worn)
Jewellery
 n - an amulet of the acrobat (around neck)
 o - a ring of see invisible (left hand)
Scrolls
 d - a scroll of teleportation
 f - a scroll of fear {unknown}
 i - 3 scrolls of remove curse
 j - a scroll of fog
 r - a scroll of amnesia {unknown}
 s - a scroll of magic mapping {unknown}
Potions
 h - a potion of flight {unknown}
 k - a potion of degeneration {unknown}
 l - a potion of resistance
 p - a potion of brilliance {unknown}
 q - 2 potions of haste {unknown}
 t - a potion of mutation {unknown}
 u - a potion of agility {unknown}
 v - a potion of ambrosia {unknown}
Comestibles
 e - 5 rations {!d}
 x - 4 chunks of flesh


   Skills:
 + Level 3.4 Fighting
 + Level 3.4 Axes
 + Level 3.5 Armour
 + Level 0.4 Dodging
 + Level 3.2 Shields


You had 3 spell levels left.
You didn't know any spells.
Your spell library contained the following spells:

 Spells                   Type           Power        Failure   Level  Hunger
 Ensorcelled Hibernation  Hex/Ice        #.....       100%        2    ####...
 Throw Frost              Conj/Ice       #.....       100%        2    ####...
 Throw Icicle             Conj/Ice       #.......     100%        4    ######.
 Lightning Bolt           Conj/Air       #.........   100%        5    #######


Dungeon Overview and Level Annotations

Branches:
Dungeon (4/12)             Temple (1/1) D:4

Altars:
Ashenzari
Cheibriados
Dithmenos
Elyvilon
Gozag
Kikubaaqudgha
Lugonu
Makhleb
Nemelex Xobeh
Okawaru
Sif Muna
Trog
Uskayaw
Vehumet
Wu Jian
Xom
Yredelemnul
Zin


Innate Abilities, Weirdness & Mutations

You regenerate a little health from kills.
You sometimes gain a little power by taking damage.


Message History

You closely miss the orc wizard. You hit the orc but do no damage.
You miss the orc. You closely miss the orc.
You feel less confused. The orc hits you with a +0 flail!
The orc hits you with a +0 falchion. The orc hits you with a +0 short sword.
The orc wizard begins to cast a cantrip, but forgets the words!
The orc hits you with a +0 flail.
* * * LOW HITPOINT WARNING * * *
The orc hits you with a +0 short sword.
* * * LOW HITPOINT WARNING * * *
The orc hits you but does no damage.
The orc wizard begins to cast a cantrip, but forgets the words!
No path to travel!
You feel very mighty all of a sudden. The orc hits you with a +0 short sword.
* * * LOW HITPOINT WARNING * * *
The orc hits you with a +0 flail.
* * * LOW HITPOINT WARNING * * *
You block the orc's attack. The orc wizard hits you with a +0 whip.
You die...

#. #. #. #.
##.#######.##
#...........#
.##.#.o#...###..#
.....oo@.>.#
.##.#.oo...#
#.............
#.<###########
#.. .... #.#..
#.#.. #


You could see an orc wizard (invisible) and 4 orcs.

Vanquished Creatures
  A crimson imp (D:4)
  A centaur skeleton (D:4)
  A gnoll (D:1)
  An adder (D:4)
  An ooze (D:2)
  A dart slug (D:1)
  5 leopard geckos
  6 orcs
  7 bats
  4 giant cockroaches
  2 hobgoblins (D:3)
  3 jackals (D:3)
  7 kobolds
  2 quokkas
  2 ball pythons (D:1)
  A frilled lizard (D:1)
  3 goblins
  3 rats
51 creatures vanquished.

Notes
Turn   | Place    | Note
-------+----------+-------------------------------------------
     0 | D:1      | galech the Demonspawn Fighter began the quest for the Orb.
     0 | D:1      | Reached XP level 1. HP: 18/18 MP: 1/1
    96 | D:1      | Gained mutation: You regenerate a little health from kills.
                  | [demonic ancestry]
    96 | D:1      | Reached XP level 2. HP: 24/24 MP: 2/2
   186 | D:1      | HP: 1/24 [gnoll/+1 spear of flaming (5)]
   186 | D:1      | Slain by a gnoll
   187 | D:1      | Reached XP level 1. HP: -1/18 MP: 1/1
   201 | D:1      | Reached XP level 2. HP: 24/24 MP: 2/2
   736 | D:2      | Gained mutation: You sometimes gain a little power by
                  | taking damage. [demonic ancestry]
   736 | D:2      | Reached XP level 3. HP: 29/29 MP: 3/3
   745 | D:2      | Found an ornate altar of the Wu Jian Council.
  1152 | D:2      | Found a corrupted altar of Lugonu.
  1152 | D:2      | Found an ancient bone altar of Kikubaaqudgha.
  1503 | D:3      | Noticed a phantom
  1670 | D:3      | Noticed an ice beast
  1963 | D:3      | Mangled by an ice beast
  1964 | D:3      | Reached XP level 2. HP: -6/24 MP: 2/2
  2076 | D:4      | Noticed a crimson imp
  2087 | D:4      | Reached XP level 3. HP: 20/29 MP: 3/3
  2136 | D:4      | Reached XP level 4. HP: 18/35 MP: 4/4
  2244 | D:4      | Noticed a centaur
  2322 | D:4      | Found a staircase to the Ecumenical Temple.
  2326 | D:4      | Identified Joboogia's Volume of Gliding Snow
  2330 | Temple   | Entered the Ecumenical Temple
  2437 | Temple   | Became a worshipper of Warmaster Okawaru
  2472 | D:4      | HP: 1/35 [orc/+0 flail (1)]
  2472 | D:4      | Slain by an orc wizard

Skill      XL: |  1  2  3 |
---------------+----------+-----
Armour         | 3 |  3.5
Axes           | 2 3 |  3.4
Shields        | 3 |  3.2
Fighting       | |  3.4
Dodging        | |  0.4

Action                   |  1- 3 |  4- 6 || total
-------------------------+-------+-------++-------
Melee: War axe           |   212 |    17 ||   229
  Use: Potion            |     1 |     1 ||     2
       Scroll            |     5 |       ||     5
  Eat: Chunk             |     5 |     1 ||     6
Armor: Scale mail        |   107 |    22 ||   129
Dodge: Dodged            |    57 |     6 ||    63
Block: Medium shield     |   108 |    11 ||   119
